 Dungeon Crawl Stone Soup version 0.29.1-2-gbd0b4ee654 (webtiles) character file.

Game seed: 18147167464187779110

501 sapoq the Chopper (level 6, -10/56 HPs)
             Began as a Minotaur Berserker on Nov 26, 2022.
             Was a Priest of Trog.
             Mangled by an ogre
             ... wielding a +0 giant club
              (24 damage)
             ... on level 5 of the Dungeon.
             The game lasted 00:22:26 (4953 turns).

sapoq the Chopper (Minotaur Berserker)              Turns: 4953, Time: 00:22:27

Health: -10/56     AC:  8    Str: 21    XL:     6   Next: 95%
Magic:  5/5        EV: 10    Int:  4    God:    Trog [***...]
Gold:   197        SH:  0    Dex: 12    Spells: 5/5 levels left

rFire   . . .      SeeInvis .   a - +0 hand axe
rCold   . . .      Faith    .   (no shield)
rNeg    + . .      Spirit   .   o - +0 scale mail
rPois   .          Reflect  .   (helmet restricted)
rElec   .          Harm     .   (no cloak)
rCorr   .          Rampage  .   (no gloves)
Will    .....                   D - +0 pair of boots
Stlth   ..........              (no amulet)
HPRegen 0.18/turn               v - ring of positive energy
MPRegen 0.09/turn               A - ring of flight

@: flying
A: horns 2, retaliatory headbutt
a: Renounce Religion, Berserk, Trog's Hand


You were on level 5 of the Dungeon.
You worshipped Trog.
Trog was most pleased with you.
You visited 1 branch of the dungeon, and saw 5 of its levels.

You collected 197 gold pieces.

Inventory:

Hand Weapons
 a - a +0 hand axe (weapon)
 t - a +4 mace
Missiles
 f - 36 stones (quivered)
 s - 4 curare-tipped darts
 w - 6 poisoned darts
 B - 2 throwing nets
Armour
 o - a +0 scale mail (worn)
 D - a +0 pair of boots (worn)
Jewellery
 v - a ring of positive energy (left hand)
 z - a ring of magical power
 A - a ring of flight (right hand)
 H - a ring of protection from fire
Wands
 k - a wand of acid (5)
Scrolls
 c - a scroll of magic mapping {unknown}
 d - a scroll of noise {unknown}
 e - a scroll of blinking {unknown}
 g - a scroll of poison {unknown}
 h - 3 scrolls of enchant armour {unknown}
 i - 3 scrolls of identify {unknown}
 p - 3 scrolls of butterflies {unknown}
 r - a scroll of teleportation {unknown}
 u - a scroll of enchant weapon {unknown}
 y - 3 scrolls of brand weapon {unknown}
Potions
 b - 2 potions of invisibility {unknown}
 j - a potion of brilliance {unknown}
 l - a potion of cancellation {unknown}
 m - a potion of attraction {unknown}
 n - a potion of mutation {unknown}
 q - 2 potions of curing {unknown}
 E - a potion of heal wounds {unknown}
 G - a potion of degeneration {unknown}


   Skills:
 - Level 5.1 Fighting
 + Level 7.7 Axes
 - Level 4.0 Armour
 - Level 2.9 Dodging
 - Level 0.3 Stealth


You had 5 spell levels left.
You didn't know any spells.
Your spell library contained the following spells:

 Spells                   Type           Power      Damage    Failure   Level
 Sting                    Tmut/Pois      0%         1d3       83%         1
 Poisonous Vapours        Pois/Air       0%         N/A       92%         2
 Olgreb's Toxic Radiance  Pois           0%         N/A       100%        4


Dungeon Overview and Level Annotations

Branches:
Dungeon (5/15)
 Temple: D:4-7

Altars:
Fedhas
Okawaru
Wu Jian
The Shining One


Innate Abilities, Weirdness & Mutations

You have a pair of horns on your head.
You reflexively headbutt those who attack you in melee.


Message History

The adder barely misses you. You furiously retaliate!
You headbutt the adder. The hound bites you but does no damage.
The adder misses you.
You slash the hound!
You kill the hound!
Trog accepts your kill.
You closely miss the adder. The adder misses you.
You hit the adder. You punch the adder.
The adder is severely wounded.
The adder barely misses you. You furiously retaliate!
You headbutt the adder. You hit the adder.
You kill the adder!
Trog accepts your kill.
An ogre comes into view. It is wielding a +0 giant club.
The ogre shouts!
Found an iguana corpse.
You hit the ogre. You headbutt the ogre.
The ogre is lightly wounded.
The ogre barely misses you.
You hit the ogre. Your headbutt misses the ogre.
The ogre is moderately wounded.
The ogre hits you with a +0 giant club!
You barely miss the ogre.
The ogre is moderately wounded.
You hit the ogre.
The ogre is heavily wounded.
The ogre hits you with a +0 giant club!
You hit the ogre but do no damage.
The ogre is heavily wounded.
The ogre hits you with a +0 giant club!
* * * LOW HITPOINT WARNING * * *
You barely miss the ogre. You headbutt the ogre.
The ogre is heavily wounded.
You hit the ogre. Your headbutt misses the ogre.
The ogre is severely wounded.
The ogre barely misses you.
You hit the ogre but do no damage.
The ogre is severely wounded.
The ogre attacks as you move away!
The ogre hits you with a +0 giant club!!
You die...

.. #. # ..... #.# #.
##### ..... ####.. #.
...## ......
##....####.###.## ......
................ ......#
#....###........ .......
#....##......##.
.......##.......#.......
#....O@...........†....
#....###..........##.#.
#... ###........##.#.
#.. ##........#.#. †..
#......#.#.## .#
#...##.#....
#....##.###.# #..#.....
..# ...#####.## .#


You could see an ogre.

Vanquished Creatures
  A scorpion (D:4)
  An orc priest (D:4)
  2 hounds
  Jessica (D:3)
  Ijyb (D:3)
  2 iguanas
  An orc wizard (D:4)
  Robin (D:3)
  7 adders
  4 gnolls (D:4)
  2 dart slugs (D:4)
  3 worms
  9 orcs
  7 ball pythons
  10 endoplasms
  A giant cockroach (D:2)
  15 goblins
  7 hobgoblins
  6 kobolds
  2 quokkas (D:4)
  4 bats
  A frilled lizard (D:3)
  3 rats
91 creatures vanquished.

Vanquished Creatures (others)
  2 plants (D:3)
2 creatures vanquished.

Grand Total: 93 creatures vanquished

Notes
Turn   | Place    | Note
-------+----------+-------------------------------------------
     0 | D:1      | sapoq the Minotaur Berserker began the quest for the Orb.
     0 | D:1      | Reached XP level 1. HP: 19/19 MP: 0/0
   107 | D:1      | Reached XP level 2. HP: 16/27 MP: 1/1
   150 | D:1      | Reached skill level 4 in Axes
  1137 | D:2      | Reached XP level 3. HP: 23/33 MP: 2/2
  1494 | D:3      | Noticed Jessica
  1515 | D:3      | Killed Jessica
  1515 | D:3      | Reached ** piety under Trog
  1516 | D:3      | Reached skill level 5 in Axes
  1516 | D:3      | Reached XP level 4. HP: 11/41 MP: 3/3
  2031 | D:3      | Noticed Robin
  2064 | D:3      | Killed Robin
  2073 | D:3      | Reached XP level 5. HP: 42/47 MP: 4/4
  2153 | D:3      | Found a glowing golden altar of the Shining One.
  2163 | D:3      | Found a blossoming altar of Fedhas.
  2316 | D:3      | Noticed Ijyb
  2328 | D:3      | Killed Ijyb
  2329 | D:3      | Reached skill level 5 in Fighting
  2701 | D:3      | Found a faded altar of an unknown god.
  2707 | D:3      | Found an iron altar of Okawaru.
  3600 | D:4      | Reached skill level 6 in Axes
  3600 | D:4      | Reached XP level 6. HP: 37/56 MP: 5/5
  4089 | D:4      | Found an ornate altar of the Wu Jian Council.
  4135 | D:4      | Reached skill level 7 in Axes
  4229 | D:4      | Reached *** piety under Trog
  4647 | D:5      | Entered Level 5 of the Dungeon
  4953 | D:5      | Mangled by an ogre

Illustrated notes

Levels and vault maps discovered:
D:1:      ncdulo_watergridlock, layout_rooms, minmay_statues_item
D:2:      layout_basic, serial_rivers, chequers_serial_rivers_room_a,
          chequers_serial_rivers_marsh, chequers_serial_rivers_micro_b,
          chequers_serial_rivers_room_b, chequers_arboretum
D:3:      wander_river, layout_basic, nicolae_overflow_ecumenical_swirl,
          mainiacjoe_overflow_tiny_flanked, fedhas_altar_1,
          dreamdust_ecumenical_altar_drowned_temple, uniq_ijyb, uniq_jessica,
          uniq_robin
D:4:      layout_loops_corners, overflow_temple_1_default,
          kennysheep_flooded_box, st_stairs_11
D:5:      layout_rooms, nicolae_uskayaw_murder_on_the_dancefloor,
          minmay_temple_entry_drinking_statues

Skill      XL: |  1  2  3  4  5  6 |
---------------+-------------------+-----
Axes           | 4 5 6 7 |  7.7
Fighting       | 4 5 |  5.1
Armour         | 3 4 |  4.0
Dodging        | |  2.9
Stealth        | |  0.3

Action                   |  1- 3 |  4- 6 || total
-------------------------+-------+-------++-------
Melee: Hand axe          |    62 |   169 ||   231
       Headbutt          |    13 |    36 ||    49
       Punch             |       |     4 ||     4
Armor: Animal skin       |     5 |       ||     5
       Scale mail        |    15 |    57 ||    72
       Ring mail         |     1 |       ||     1
Dodge: Dodged            |    35 |    83 ||   118
